 Dungeon Sprint DCSS version 0.30.1-11-g7821555f0a (webtiles) character file.

Game seed: 15595399800928340747

17 Heoruswealwe the Insei (level 2, -2/24 HPs)
             Began as a Gnoll Transmuter on Nov 1, 2023.
             Slain by a human (9 damage)
             ... in the Dungeon (Sprint III: "The Ten Rune Challenge").
             The game lasted 00:00:47 (81 turns).

Heoruswealwe the Insei (Gnoll Transmuter)             Turns: 81, Time: 00:00:48

Health: -2/24      AC:  2    Str:  9    XL:     2   Next: 62%
Magic:  7/8        EV: 13    Int: 12    God:
Gold:   10         SH:  0    Dex: 12    Spells: 10/11 levels left

rFire   . .          .
                       - Unarmed
rCold   . . .        (no shield)
rNeg    . . .        c - +0 robe
rPois   .            (helmet currently unavailable)
rElec   .            (no cloak)
rCorr   .            (no gloves)
SInv    .            (boots currently unavailable)
Will    .....        (no amulet)
Stlth   ++           (no ring)
HPRegen 0.24/turn    (no ring)
MPRegen 0.11/turn

%: no teleportation
@: appendages (expiring)
A: horns 2, talons 2, fangs 1, strong nose, distributed training
a: End Transformation


You were in the Dungeon.
You had temporarily grown beastly horns and talons.
You visited 1 branch You collected 10 gold pieces.

Inventory:

Armour
 c - a +0 robe (worn)
Scrolls
 h - a scroll of blinking
Potions
 a - a potion of curing
 b - a potion of lignification
 d - a potion of heal wounds
 e - a potion of haste
 f - 2 potions of magic
 g - a potion of berserk rage


   Skills:
 + Level 3.0 Fighting
 + Level 1.5 Short Blades
 + Level 1.5 Long Blades
 + Level 1.5 Axes
 + Level 1.5 Maces & Flails
 + Level 1.5 Polearms
 + Level 1.5 Staves
 + Level 1.5 Ranged Weapons
 + Level 1.5 Throwing
 + Level 1.5 Armour
 + Level 4.8 Dodging
 + Level 1.5 Stealth
 + Level 1.5 Shields
 + Level 6.7 Unarmed Combat
 + Level 5.2 Spellcasting
 + Level 1.2 Conjurations
 + Level 1.2 Hexes
 + Level 1.2 Summonings
 + Level 1.2 Necromancy
 + Level 1.2 Translocations
 + Level 4.0 Transmutations
 + Level 1.2 Fire Magic
 + Level 1.2 Ice Magic
 + Level 1.2 Air Magic
 + Level 1.2 Earth Magic
 + Level 1.2 Poison Magic
 + Level 1.7 Invocations
 + Level 1.5 Evocations


You had 10 spell levels left.
You knew the following spells:

 Your Spells              Type           Power      Damage    Failure   Level
a - Beastly Appendage     Tmut           24%        N/A       3%          1

Your spell library contained the following spells:

 Spells                   Type           Power      Damage    Failure   Level
 Wereblood                Tmut           12%        N/A       6%          2
 Spider Form              Tmut/Pois      9%         N/A       21%         3
 Ice Form                 Ice/Tmut       9%         N/A       54%         4


Dungeon Overview and Level Annotations

Branches:
Dungeon (1/1)

Altars:


Innate Abilities, Weirdness & Mutations

You have temporarily grown beastly horns and talons.
You have very sharp teeth.
Your uncanny sense of smell can sniff out nearby items.
Your experience applies equally to all skills.


Message History

Your Fire Magic skill increases to level 1!
Your Ice Magic skill increases to level 1!
Your Air Magic skill increases to level 1!
Your Earth Magic skill increases to level 1!
Your Poison Magic skill increases to level 1!
Your Invocations skill increases to level 1!
Your Evocations skill increases to level 1!
You have reached level 2!
You hit the human. Your headbutt misses the human.
The human is lightly wounded.
The human barely misses you.
You closely miss the human.
The human is lightly wounded.
The human misses you.
You miss the human. You claw the human, but do no damage.
The human is lightly wounded.
The human hits you!
You hit the human. You claw the human.
The human is moderately wounded.
The human barely misses you.
You barely miss the human. Your punch misses the human.
The human is moderately wounded.
The human barely misses you.
You closely miss the human. Your headbutt misses the human.
The human is moderately wounded.
The human misses you.
You barely miss the human.
The human is moderately wounded.
You hit the human but do no damage. You bite the human, but do no damage.
The human is moderately wounded.
The human hits you.
You hit the human. You headbutt the human! Your punch misses the human.
The human is severely wounded.
Your transformation is almost over.
The human hits you!
* * * LOW HITPOINT WARNING * * *
You closely miss the human. Your bite misses the human.
The human is severely wounded.
The human hits you!
You die...

▓..##.......#∆∆
.#∆
▓##.##.##...#∆∆ .#
##.##.###..# ..#
▓#.####.##..# ...+
▓.###†.##.†##
#...# ▓#.....##..#
#....#
###..##...##.....#
##..##....#p.....#
#..###..##@#.....#
#..# #..#####....#
▓▓▓▓ ▓▓▓▓ ▓▓▓▓▓ ∆


You could see a human.

Vanquished Creatures
  A wolf (D)
  An endoplasm (D)
  3 rats (D)
5 creatures vanquished.

Notes
Turn   | Place    | Note
-------+----------+-------------------------------------------
     0 | D        | Heoruswealwe the Gnoll Transmuter began the quest for the
                  | Orb.
     0 | D        | Reached XP level 1. HP: 17/17 MP: 6/6
    44 | D        | Reached skill level 5 in Spellcasting
    65 | D        | Noticed a wolf
    70 | D        | Killed a wolf
    71 | D        | Reached skill level 1 in Short Blades
    71 | D        | Reached skill level 1 in Long Blades
    71 | D        | Reached skill level 1 in Axes
    71 | D        | Reached skill level 1 in Maces & Flails
    71 | D        | Reached skill level 1 in Polearms
    71 | D        | Reached skill level 1 in Staves
    71 | D        | Reached skill level 1 in Ranged Weapons
    71 | D        | Reached skill level 1 in Throwing
    71 | D        | Reached skill level 1 in Armour
    71 | D        | Reached skill level 1 in Stealth
    71 | D        | Reached skill level 1 in Shields
    71 | D        | Reached skill level 1 in Conjurations
    71 | D        | Reached skill level 1 in Hexes
    71 | D        | Reached skill level 1 in Summonings
    71 | D        | Reached skill level 1 in Necromancy
    71 | D        | Reached skill level 1 in Translocations
    71 | D        | Reached skill level 1 in Fire Magic
    71 | D        | Reached skill level 1 in Ice Magic
    71 | D        | Reached skill level 1 in Air Magic
    71 | D        | Reached skill level 1 in Earth Magic
    71 | D        | Reached skill level 1 in Poison Magic
    71 | D        | Reached skill level 1 in Invocations
    71 | D        | Reached skill level 1 in Evocations
    71 | D        | Reached XP level 2. HP: 21/24 MP: 6/8
    81 | D        | Slain by a human

Illustrated notes

Levels and vault maps discovered:
D:        dungeon_sprint_mu [sprint_mu_entry_cave, sprint_mu_temple_rooms,
          sprint_mu_d1_horrors, sprint_mu_d2_genie, sprint_mu_d3_branching,
          sprint_mu_orc_legion, sprint_mu_elf_gauntlet, sprint_mu_hive_nellie,
          sprint_mu_lair_fedhas, sprint_mu_vaults_butterflies,
          sprint_mu_slime_circle, sprint_mu_swamp_cave, sprint_mu_snake_twists,
          sprint_mu_blade_basic, sprint_mu_crypt_chambers,
          sprint_mu_tomb_spiral, sprint_mu_vestibule_basic,
          sprint_mu_gehenna_hellfire, sprint_mu_dis_giant,
          sprint_mu_tartarus_statrot, sprint_mu_cocytus_islands, sprint_mu_zot1]

Skill      XL: |  1 |
---------------+----+-----
Spellcasting   | 5 |  5.2
Fighting       | 3 |  3.0
Short Blades   | 1 |  1.5
Long Blades    | 1 |  1.5
Axes           | 1 |  1.5
Maces & Flails | 1 |  1.5
Polearms       | 1 |  1.5
Staves         | 1 |  1.5
Ranged Weapons | 1 |  1.5
Throwing       | 1 |  1.5
Armour         | 1 |  1.5
Stealth        | 1 |  1.5
Shields        | 1 |  1.5
Conjurations   | 1 |  1.2
Hexes          | 1 |  1.2
Summonings     | 1 |  1.2
Necromancy     | 1 |  1.2
Translocations | 1 |  1.2
Transmutations | 4 |  4.0
Fire Magic     | 1 |  1.2
Ice Magic      | 1 |  1.2
Air Magic      | 1 |  1.2
Earth Magic    | 1 |  1.2
Poison Magic   | 1 |  1.2
Invocations    | 1 |  1.7
Evocations     | 1 |  1.5
Dodging        | |  4.8
Unarmed Combat | |  6.7

Action                     || total
---------------------------++-------
  Melee: Unarmed           ||    19
         Headbutt          ||     2
         Kick              ||     2
         Bite              ||     1
   Cast: Beastly Appendage ||     1
   Stab: Sleeping          ||     1
 Armour: Robe              ||     1
  Dodge: Dodged            ||    12
